 Dungeon Crawl Stone Soup version 0.31.0 (webtiles) character file.

Game seed: 17544766142790793687

1990 qw the Skirmisher (level 9, -9/57 HPs)
             Began as a Gargoyle Hunter on Jan 20, 2024.
             Mangled by a wight
             ... wielding a +4 dire flail
              (14 damage)
             ... on level 7 of the Dungeon.
             The game lasted 00:00:27 (5538 turns).

qw the Skirmisher (Gargoyle Hunter)                 Turns: 5538, Time: 00:00:28

Health: -9/57      AC: 15    Str: 16    XL:     9   Next: 21%
Magic:  9/9        EV: 11    Int:  9    God:
Gold:   286        SH:  0    Dex: 17    Spells: 8/8 levels left

rFire   . . .        p - +0 orcbow
rCold   . . .        (shield currently unavailable)
rNeg    + . .        d - +0 ring mail
rPois   inf          m - +0 helmet
rElec   +            (no cloak)
rCorr   .            g - +0 pair of gloves
SInv    .            s - +0 pair of boots
Will    .....        e - amulet of faith
Stlth   +            (no ring)
HPRegen 0.29/turn    (no ring)
MPRegen 0.11/turn

%: faith
@: no status effects
A: sickness immunity, AC +6, negative energy resistance 1, electricity
resistance, torment resistance 1, petrification resistance
a: no special abilities


You were on level 7 of the Dungeon.
You visited 1 branch of the dungeon, and saw 7 of its levels.

You collected 286 gold pieces.


Innate Abilities, Weirdness & Mutations

You are immune to sickness and miasma.
Your stone body is resilient. (AC +6)
You are immune to poison.
You resist negative energy. (rN+)
You are resistant to electric shocks. (rElec)
You are resistant to unholy torment.
You are immune to petrification.


   Skills:
 - Level 7.1 Fighting
 + Level 10.2 Ranged Weapons
 - Level 3.0 Armour
 - Level 2.1 Dodging
 - Level 1.1 Stealth


You had 8 spell levels left.
You didn't know any spells.
Your spell library was empty.

Inventory:

Hand Weapons
 p - a +0 orcbow (weapon)
Armour
 d - a +0 ring mail (worn)
 g - a +0 pair of gloves (worn)
 m - a +0 helmet (worn)
 s - a +0 pair of boots (worn)
Jewellery
 e - an amulet of faith (around neck)
Wands
 r - a wand of paralysis (9)
Scrolls
 b - a scroll of identify
Potions
 a - a potion of heal wounds {unknown}
 c - a potion of cancellation
 f - a potion of might {unknown}
 h - 2 potions of mutation
 j - a potion of brilliance {unknown}
 k - a potion of enlightenment {unknown}
 l - 4 potions of haste
 o - a potion of curing

Dungeon Overview and Level Annotations

Branches:
Dungeon (7/15)
 Temple: D:4-7

Altars:
Cheibriados
Sif Muna
Uskayaw
Xom

Portals:
Bailey: D:7


Message History

You shoot an arrow. The arrow hits the wight.
The wight is heavily damaged.
The wight hits you with a +0 falchion.
You shoot an arrow. The arrow barely misses the wight.
The wight barely misses you. The wight hits you with a +0 falchion.
You shoot an arrow. The arrow barely misses the wight.
The wight misses you.
You shoot an arrow. The arrow closely misses the wight.
The wight closely misses you.
You shoot an arrow. The arrow hits the wight.
The wight is severely damaged.
The wight barely misses you.
You shoot an arrow. The arrow hits the wight!
You destroy the wight!
You shoot an arrow. The arrow closely misses the wight.
The wight barely misses you.
You shoot an arrow. The arrow hits the wight.
The wight is lightly damaged.
The wight misses you. The wight barely misses you.
You shoot an arrow. The arrow barely misses the wight.
The wight closely misses you.
You shoot an arrow. The arrow hits the wight.
The wight is lightly damaged.
The wight barely misses you.
You shoot an arrow.
The arrow hits the wight but does no damage.
The wight is lightly damaged.
You hear the faint creaking of a portcullis.
The wight barely misses you.
You shoot an arrow. The arrow closely misses the wight.
The wight hits you with a +4 dire flail.
You shoot an arrow. The arrow closely misses the wight.
The wight hits you with a +4 dire flail.
You shoot an arrow.
The arrow hits the wight but does no damage.
The wight is lightly damaged.
The wight hits you with a +4 dire flail!
You shoot an arrow. The arrow barely misses the wight.
The wight hits you with a +4 dire flail!
You die...

#.......~~~~~~~..z...#
#######.~#####~z.....#
........~#)..#~.######
........~))\.#~......#
........~#...#~......#
........~#####~.#....#
........~~~~~~~.###+##
#+######z.............
.......@#.............
.......<#..............
...###..#..............
# #.)#....######+###
#..#...)# #..+....+
#+#.....# . .


You could see a wight.

Vanquished Creatures
  Grinder (D:6)
  Sigmund (D:6)
  A water moccasin (D:6)
  An ice beast (D:6)
  A sky beast (D:6)
  A black bear (D:6)
  An ogre (D:6)
  A phantom (D:7)
  A bullfrog (D:6)
  3 scorpions
  4 wights (D:7)
  A bombardier beetle (D:3)
  A hound (D:5)
  3 jellies
  4 orc priests
  2 iguanas
  4 orc wizards
  Robin (D:2)
  A gnoll (D:2)
  7 adders
  2 shadow imps
  4 ufetubi (D:6)
  3 ribbon worms
  12 orcs
  4 ball pythons
  7 endoplasms
  2 giant cockroaches
  15 goblins
  15 hobgoblins
  9 jackals
  3 quokkas
  10 bats
  4 frilled lizards
  6 kobolds
  5 rats
141 creatures vanquished.

Notes
Turn   | Place    | Note
-------+----------+-------------------------------------------
     0 | D:1      | qw the Gargoyle Hunter began the quest for the Orb.
     0 | D:1      | Reached XP level 1. HP: 12/12 MP: 1/1
     0 | D:1      | 0 ||| qw: Version: 0.3-a-132-g3d54051
     0 | D:1      | 0 ||| qw: Game counter: 568
     0 | D:1      | 0 ||| qw: Melee chars always use a shield: true
     0 | D:1      | 0 ||| qw: God list: Okawaru
     0 | D:1      | 0 ||| qw: Allow faded altars: false
     0 | D:1      | 0 ||| qw: Do Orc after clearing Dungeon:15 true
     0 | D:1      | 0 ||| qw: Do second Lair branch before Depths: true
     0 | D:1      | 0 ||| qw: Lair rune preference: random
     0 | D:1      | 0 ||| qw: Goals: Normal
     0 | D:1      | 0 ||| PLANNING D:1-11
   139 | D:1      | Reached XP level 2. HP: 17/17 MP: 2/2
   542 | D:1      | 542 ||| UPGRADING to +0 pair of gloves.
   547 | D:1      | 547 ||| UPGRADING to amulet of faith.
   552 | D:1      | 552 ||| READING scroll labelled DELLAEDEQA.
   553 | D:1      | 553 ||| READING scroll labelled PIYVAOPUBU.
   554 | D:1      | 554 ||| READING scroll labelled ICIDAS VULA.
   555 | D:1      | 555 ||| READING scroll labelled ULYEHULABA.
   556 | D:1      | 556 ||| READING scroll labelled RIAPYS FIGGAER.
   559 | D:1      | 559 ||| DROPPING scroll of butterflies.
   609 | D:2      | Reached XP level 3. HP: 9/21 MP: 3/3
   609 | D:2      | 609 ||| FLEEEEING.
   610 | D:2      | 610 ||| FLEEEEING.
   613 | D:2      | 613 ||| FLEEEEING.
   614 | D:2      | 614 ||| FLEEEEING.
   615 | D:2      | 615 ||| FLEEEEING.
   616 | D:2      | 616 ||| STAIRDANCE
   660 | D:1      | 660 ||| UPGRADING to +0 ring mail.
   670 | D:1      | 670 ||| DROPPING +0 leather armour.
   677 | D:2      | Reached skill level 1 in Armour
   677 | D:2      | 677 ||| STAIRDANCE
   731 | D:2      | Reached skill level 5 in Ranged Weapons
   754 | D:2      | Reached XP level 4. HP: 27/27 MP: 4/4
   759 | D:2      | 759 ||| FLEEEEING.
   762 | D:2      | Reached skill level 3 in Fighting
   762 | D:2      | 762 ||| FLEEEEING.
   763 | D:2      | 763 ||| FLEEEEING.
   764 | D:2      | 764 ||| FLEEEEING.
   765 | D:2      | 765 ||| FLEEEEING.
   766 | D:2      | 766 ||| FLEEEEING.
   767 | D:2      | 767 ||| FLEEEEING.
   768 | D:2      | 768 ||| FLEEEEING.
   769 | D:2      | 769 ||| FLEEEEING.
   770 | D:2      | 770 ||| FLEEEEING.
   771 | D:2      | 771 ||| FLEEEEING.
   905 | D:2      | Found a hide-covered altar of Uskayaw.
   963 | D:2      | Noticed Robin
   965 | D:2      | 965 ||| FLEEEEING.
   966 | D:2      | 966 ||| FLEEEEING.
   967 | D:2      | 967 ||| FLEEEEING.
   968 | D:2      | 968 ||| FLEEEEING.
   969 | D:2      | 969 ||| FLEEEEING.
   970 | D:2      | 970 ||| FLEEEEING.
   971 | D:2      | 971 ||| FLEEEEING.
   972 | D:2      | 972 ||| FLEEEEING.
   973 | D:2      | 973 ||| FLEEEEING.
   974 | D:2      | 974 ||| FLEEEEING.
   975 | D:2      | 975 ||| FLEEEEING.
   976 | D:2      | 976 ||| FLEEEEING.
   977 | D:2      | 977 ||| FLEEEEING.
   994 | D:2      | Killed Robin
  1136 | D:2      | Reached XP level 5. HP: 30/32 MP: 5/5
  1223 | D:2      | 1223 ||| UPGRADING to +0 helmet.
  1228 | D:2      | 1228 ||| READING scroll labelled ZONUIHIPSE.
  1228 | D:2      | 1228 ||| IDENTIFYING golden potion
  1229 | D:2      | 1229 ||| READING scroll labelled QATELE ACYUGINT.
  1230 | D:2      | 1230 ||| FLEEEEING.
  1249 | D:2      | 1249 ||| READING scroll labelled ICUVAGUONI.
  1249 | D:2      | 1249 ||| ENCHANTING +0 shortbow.
  1250 | D:2      | 1250 ||| DRINKING 2 glowing clear potions.
  1297 | D:3      | Reached skill level 6 in Ranged Weapons
  1297 | D:3      | 1297 ||| STAIRDANCE
  1654 | D:3      | Identified the +4 long sword of Impatience {heavy, rC+
                  | Dex+2 Stlth+}
  1658 | D:3      | Found a faded altar of an unknown god.
  1783 | D:3      | 1783 ||| FLEEEEING.
  1784 | D:3      | 1784 ||| FLEEEEING.
  1785 | D:3      | 1785 ||| FLEEEEING.
  1786 | D:3      | 1786 ||| FLEEEEING.
  1787 | D:3      | 1787 ||| FLEEEEING.
  1788 | D:3      | 1788 ||| FLEEEEING.
  1809 | D:3      | 1809 ||| FLEEEEING.
  1811 | D:3      | 1811 ||| FLEEEEING.
  1812 | D:3      | 1812 ||| FLEEEEING.
  1813 | D:3      | 1813 ||| FLEEEEING.
  1829 | D:3      | 1829 ||| FLEEEEING.
  1966 | D:3      | Found a shimmering blue altar of Sif Muna.
  2558 | D:4      | Reached XP level 6. HP: 33/38 MP: 6/6
  2596 | D:4      | Found a snail-covered altar of Cheibriados.
  2721 | D:4      | Found a shimmering altar of Xom.
  2949 | D:4      | Reached skill level 7 in Ranged Weapons
  3000 | D:4      | 3000 ||| READING scroll of identify.
  3000 | D:4      | 3000 ||| IDENTIFYING viscous green potion
  3001 | D:4      | 3001 ||| READING scroll labelled EBLEUR DEHE.
  3002 | D:4      | 3002 ||| READING scroll labelled OGAZXU WELISH.
  3003 | D:4      | 3003 ||| DRINKING 3 emerald potions.
  3004 | D:4      | 3004 ||| DROPPING potion of berserk rage.
  3023 | D:5      | Entered Level 5 of the Dungeon
  3065 | D:5      | 3065 ||| FLEEEEING.
  3274 | D:5      | Reached XP level 7. HP: 43/43 MP: 7/7
  3493 | D:5      | 3493 ||| DRINKING potion of curing.
  3493 | D:5      | 3493 ||| (to cure confusion)
  3682 | D:5      | 3682 ||| READING scroll of identify.
  3682 | D:5      | 3682 ||| IDENTIFYING sedimented red potion
  3797 | D:6      | Reached skill level 8 in Ranged Weapons
  3935 | D:6      | Reached XP level 8. HP: 21/49 MP: 8/8
  3954 | D:6      | HP: 11/49 [ice beast (5)]
  3955 | D:6      | 3955 ||| READING 3 scrolls of teleportation.
  3959 | D:6      | 3959 ||| FLEEEEING.
  4218 | D:6      | 4218 ||| SWAPPING to +0 orcbow.
  4219 | D:6      | 4219 ||| DROPPING +1 shortbow.
  4262 | D:6      | Noticed Grinder
  4262 | D:6      | Paralysed by Grinder for 2 turns
  4268 | D:6      | Paralysed by Grinder for 4 turns
  4278 | D:6      | Paralysed by Grinder for 5 turns
  4285 | D:6      | HP: 12/49 [Grinder (2)]
  4286 | D:6      | 4286 ||| READING 2 scrolls of teleportation.
  4501 | D:6      | Noticed Sigmund
  4507 | D:6      | Killed Sigmund
  4508 | D:6      | Reached skill level 9 in Ranged Weapons
  4647 | D:6      | HP: 9/50 [orc priest/divine providence (14)]
  4648 | D:6      | 4648 ||| READING scroll of teleportation.
  4651 | D:6      | 4651 ||| FLEEEEING.
  4711 | D:6      | 4711 ||| FLEEEEING.
  4712 | D:6      | 4712 ||| FLEEEEING.
  4712 | D:6      | Paralysed by Grinder for 5 turns
  4722 | D:6      | Paralysed by Grinder for 3 turns
  4728 | D:6      | Killed Grinder
  4729 | D:6      | Reached skill level 6 in Fighting
  4854 | D:6      | 4854 ||| FLEEEEING.
  5115 | D:6      | Reached skill level 10 in Ranged Weapons
  5115 | D:6      | Reached XP level 9. HP: 56/56 MP: 9/9
  5325 | D:6      | 5325 ||| UPGRADING to +0 pair of boots.
  5330 | D:6      | 5330 ||| READING scroll labelled UBRIJ BOEGURE.
  5331 | D:6      | 5331 ||| FLEEEEING.
  5441 | D:6      | 5441 ||| READING scroll labelled WITOHA JIMOGA.
  5442 | D:6      | 5442 ||| READING scroll labelled VUMAFITZEA.
  5457 | D:7      | Found a flagged portal.
  5482 | D:7      | Reached skill level 3 in Armour
  5495 | D:7      | 5495 ||| RETREEEEATING.
  5496 | D:7      | 5496 ||| RETREEEEATING.
  5497 | D:7      | 5497 ||| FLEEEEING.
  5498 | D:7      | 5498 ||| FLEEEEING.
  5499 | D:7      | 5499 ||| FLEEEEING.
  5500 | D:7      | 5500 ||| FLEEEEING.
  5501 | D:7      | 5501 ||| FLEEEEING.
  5502 | D:7      | 5502 ||| FLEEEEING.
  5504 | D:7      | 5504 ||| RETREEEEATING.
  5505 | D:7      | 5505 ||| RETREEEEATING.
  5506 | D:7      | 5506 ||| RETREEEEATING.
  5507 | D:7      | 5507 ||| RETREEEEATING.
  5508 | D:7      | 5508 ||| RETREEEEATING.
  5510 | D:7      | 5510 ||| RETREEEEATING.
  5511 | D:7      | 5511 ||| RETREEEEATING.
  5512 | D:7      | 5512 ||| RETREEEEATING.
  5513 | D:7      | 5513 ||| RETREEEEATING.
  5514 | D:7      | 5514 ||| RETREEEEATING.
  5515 | D:7      | 5515 ||| RETREEEEATING.
  5536 | D:7      | HP: 13/57 [wight/+4 dire flail (6)]
  5537 | D:7      | HP: 5/57 [wight/+4 dire flail (9)]
  5538 | D:7      | Mangled by a wight

Levels and vault maps discovered:
D:1:      nzn_arrival_depleted_hourglass, layout_basic, minmay_misc_feat_square
D:2:      layout_rooms, basic_altar, cheibrodos_gnoll_hut, uniq_robin
D:3:      layout_loops_corners, marbit_many_paths, serial_forest,
          infiniplex_forest_straight_5, infiniplex_forest_straight_2,
          infiniplex_forest_lined_2, infiniplex_forest_zigzag_1,
          infiniplex_forest_3_way, infiniplex_forest_straight_3,
          infiniplex_forest_corner_1, infiniplex_forest_clump_medium,
          infiniplex_forest_lined_room_, basic_ecumenical_altar,
          minmay_surrounded
D:4:      layout_rooms, slow_altar_1, dk_xom_monty_hall
D:5:      layout_basic, serial_co_window_serial, co_window_corner_a,
          co_window_paths_a, co_window_cross_1, co_window_paths_b,
          co_window_corner_a, co_window_corner_b, co_window_2corner,
          co_window_corner_b, co_window_of_opportunity_c, glass_columns_b,
          glass_columns_b, glass_columns_a
D:6:      layout_basic, serial_library, serial_library_hellmonk_room_b,
          serial_library_hellmonk_small_alcove,
          serial_library_hellmonk_open_cross,
          serial_library_hellmonk_small_corner,
          serial_library_regret_index_double_sided, roderic_roman_lattice,
          chequers_serial_rivers_marsh, uniq_grinder, uniq_sigmund
D:7:      gammafunk_beogh_shrine, layout_gridville, nicolae_gozag_seed_capital,
          minmay_temple_entry_trees, enter_bailey_3, minivault_27,
          minmay_nine_imps

Skill      XL: |  1  2  3  4  5  6  7  8  9 |
---------------+----------------------------+-----
Armour         | 1 2 3 |  3.0
Ranged Weapons | 5 6 7 8 10 | 10.2
Fighting       | 3 4 5 6 7 |  7.1
Dodging        | 2 |  2.1
Stealth        | |  1.1

Action                     |  1- 3 |  4- 6 |  7- 9 || total
---------------------------+-------+-------+-------++-------
   Fire: Shortbow          |    82 |   267 |   110 ||   459
         Orcbow            |       |       |   124 ||   124
    Use: Scroll            |     5 |     6 |     7 ||    18
         Potion            |       |     2 |     1 ||     3
 Armour: Leather armour    |    18 |       |       ||    18
         Ring mail         |    12 |   100 |   120 ||   232
  Dodge: Dodged            |    18 |    91 |    89 ||   198

Table legend:
 A = Non-vault XP
 B = Vault XP
 C = Vault XP percentage of total XP
 D = Non-vault monster count
 E = Vault monster count
 F = Vault count percentage of total count
                 A         B        C        D         E       F
            +---------+---------+-------+---------+---------+-------
      Total |    2167 |     676 |  23.8 |     113 |      28 |  19.9
            +---------+---------+-------+---------+---------+-------
        D:1 |      25 |       0 |   0.0 |      16 |       0 |   0.0
        D:2 |     103 |      55 |  34.8 |      25 |      14 |  35.9
        D:3 |     109 |      11 |   9.2 |      17 |       5 |  22.7
        D:4 |     117 |      91 |  43.8 |      12 |       3 |  20.0
        D:5 |     347 |       0 |   0.0 |      16 |       0 |   0.0
        D:6 |    1075 |     511 |  32.2 |      22 |       2 |   8.3
        D:7 |     391 |       8 |   2.0 |       5 |       4 |  44.4
            +---------+---------+-------+---------+---------+-------
